 Seeded DCSS version 0.30.1-3-gfc49f6343a (webtiles) character file.

Game seed: 6351066067085065685 (custom seed)

250228 Esekla the Sorcerer (level 18, -4/112 HPs)
             Began as a Deep Elf Necromancer on Aug 5, 2023.
             Was the Champion of Vehumet.
             Slain by a deep troll (15 damage)
             ... led by an ironbound preserver
             ... on level 2 of the Vaults on Aug 6, 2023.
             The game lasted 06:10:24 (33814 turns).

Esekla the Sorcerer (Deep Elf Necromancer)         Turns: 33814, Time: 06:10:25

Health: -4/112     AC: 19    Str:  8    XL:     18   Next: 90%
Magic:  42/48      EV: 19    Int: 37    God:    Vehumet [******]
Gold:   4056       SH:  0    Dex: 15    Spells: 2/65 levels left

rFire   + . .        Q - +12 pair of quick blades "Gyre" and "Gimble" {protect}
rCold   + + .        (shield currently unavailable)
rNeg    . . .        S - +4 troll leather armour
rPois   +            O - +2 helmet {Int+3}
rElec   .            F - +1 cloak
rCorr   .            j - +2 pair of gloves "Seteklek" {rF+ rC+}
SInv    .            l - +1 pair of boots of Piysunuo {Str+3}
Will    +....        C - amulet of magic regeneration
Stlth   ++           X - ring of Descent {rPois rC+ Int+5 Stlth-}
HPRegen 1.18/turn    R - ring of the Mage {Wiz Archmagi}
MPRegen 0.71/turn

%: wizardry (x1), archmagi
@: frozen, very slow
A: hooves 1, mutation resistance 1
}: 2/15 runes: barnacled, gossamer
a: Renounce Religion


You were on level 2 of the Vaults.
You worshipped Vehumet.
Vehumet was exalted by your worship.
You visited 6 branches of the dungeon, and saw 31 of its levels.
You also visited: Trove and Bailey.

You collected 5935 gold pieces.
You spent 1879 gold pieces at shops.

Inventory:

Hand Weapons
 a - a +5 scimitar
 e - a +2 demon blade of electrocution
 f - a +4 scimitar of flaming
 r - a +4 trident of venom
 s - a +1 dagger of electrocution
 Q - the +12 pair of quick blades "Gyre" and "Gimble" (weapon) {protect}
   (You found it in a treasure trove)
Missiles
 h - 27 boomerangs (quivered)
 v - 85 poisoned darts
 I - 5 curare-tipped darts
Armour
 g - the +1 animal skin "Kougi" {rPois rF++ MP+9}
   (You found it on level 2 of the Shoals)

   rF:        It greatly protects you from fire.
   rPois:     It protects you from poison.
   MP:        It affects your magic capacity (+9).
 j - the +2 pair of gloves "Seteklek" (worn) {rF+ rC+}
   (You found it in a treasure trove)

   rF:        It protects you from fire.
   rC:        It protects you from cold.
 l - the +1 pair of boots of Piysunuo (worn) {Str+3}
   (You found it on level 1 of the Spider Nest)

   Str:       It affects your strength (+3).
 o - a scarf of repulsion
 w - the +1 ring mail of Hopscotch {rCorr Dex-4 SInv}
   (You acquired it on level 1 of the Spider Nest)

   Dex:       It affects your dexterity (-4).
   SInv:      It lets you see invisible.
   rCorr:     It protects you from acid and corrosion.
 y - the +1 ring mail "Uronn" {rF+ Regen+ Int+3}
   (You took it off a merfolk on level 4 of the Shoals)

   Int:       It affects your intelligence (+3).
   rF:        It protects you from fire.
   Regen:     It increases your rate of health regeneration.
 F - a +1 cloak (worn)
 O - a +2 helmet of intelligence (worn)
 S - a +4 troll leather armour (worn)
Magical Staves
 d - a staff of death
Jewellery
 C - an amulet of magic regeneration (around neck)
 R - the ring of the Mage (right hand) {Wiz Archmagi}
   (You bought it in a shop on level 2 of the Dungeon)

   [ring of wizardry]

   It improves your spell success rate.
   Archmagi:  It increases the power of your magical spells.
 T - the ring "Pileq" {Ice Str+4 Dex+3 Slay+2}
   (You found it on level 4 of the Shoals)

   [ring of ice]

   It enhances your ice magic.
   Str:       It affects your strength (+4).
   Dex:       It affects your dexterity (+3).
   Slay:      It affects your accuracy & damage with ranged weapons and melee
   (+2).
   rF:        It makes you vulnerable to fire.
   rC:        It protects you from cold.
 W - the ring of Akemeir {Fire Str+4}
   (You found it in a treasure trove)

   [ring of fire]

   It enhances your fire magic.
   Str:       It affects your strength (+4).
   rF:        It protects you from fire.
   rC:        It makes you vulnerable to cold.
 X - the ring of Descent (left hand) {rPois rC+ Int+5 Stlth-}
   (You found it in a treasure trove)

   [ring of protection from cold]

   Int:       It affects your intelligence (+5).
   rC:        It protects you from cold.
   rPois:     It protects you from poison.
   Stlth:     It makes you less stealthy.
Wands
 m - a wand of roots (29)
 D - a wand of flame (31)
 K - a wand of mindburst (8)
 U - a wand of digging (9)
 Y - a wand of quicksilver (3)
Scrolls
 n - 3 scrolls of identify
 p - 5 scrolls of blinking
 t - 6 scrolls of fog
 x - 2 scrolls of silence
 z - 6 scrolls of enchant weapon
 A - a scroll of magic mapping
 E - 13 scrolls of teleportation
 J - 3 scrolls of poison
 P - 7 scrolls of fear
Potions
 b - 6 potions of magic
 c - 5 potions of heal wounds
 i - 3 potions of curing
 k - 7 potions of attraction
 q - 7 potions of ambrosia
 u - 7 potions of brilliance
 B - 4 potions of lignification
 G - 3 potions of might
 H - a potion of berserk rage
 M - 2 potions of cancellation
 N - 3 potions of resistance
 V - 5 potions of flight
 Z - 12 potions of haste
Miscellaneous
 L - a lightning rod (4/4)


   Skills:
 * Level 12.2 Fighting
 + Level 6.4(6.7) Short Blades
 + Level 2.6(4.5) Long Blades
 + Level 0.5 Throwing
 - Level 4.0 Armour
 * Level 14.8 Dodging
 - Level 6.1 Stealth
 - Level 3.4 Shields
 * Level 24.2 Spellcasting
 + Level 6.9 Conjurations
 + Level 4.7 Hexes
 + Level 11.3 Necromancy
 + Level 5.2 Translocations
 + Level 6.8 Transmutations
 + Level 6.2 Fire Magic
 + Level 5.5 Ice Magic
 * Level 10.1 Air Magic
 * Level 10.7 Earth Magic
 + Level 10.4 Poison Magic
 + Level 1.5 Evocations


You had 2 spell levels left.
You knew the following spells:

 Your Spells              Type           Power      Damage    Failure   Level
a - Yara's Violent Unrav  Hex/Tmut       46%        3d18      1%          5
b - Fireball              Conj/Fire      48%        3d19      1%          5
c - Mephitic Cloud        Conj/Pois/Air  100%       N/A       1%          3
d - Vampiric Draining     Necr           100%       2d13      0%          3
k - Airstrike             Air            55%        2d(8-24)  1%          4
l - Lee's Rapid Deconstr  Erth           56%        3d26*     1%          5
m - Maxwell's Capacitive  Air            55%        ∞         9%          8
n - Ignite Poison         Fire/Tmut/Pois 100%       N/A       1%          3
o - Scorch                Fire           100%       2d9       1%          2
p - Apportation           Tloc           100%       N/A       1%          1
t - Teleport Other        Tloc           90%        N/A       1%          3
u - Dispel Undead         Necr           100%       3d31      1%          4
v - Poisonous Vapours     Pois/Air       100%       N/A       0%          2
w - Wereblood             Tmut           97%        N/A       1%          2
x - Olgreb's Toxic Radia  Pois           100%       N/A       1%          4
y - Sticky Flame          Conj/Fire      96%        2d11      1%          4
z - Freezing Cloud        Conj/Ice/Air   50%        6-21      1%          5

Your spell library contained the following spells:

 Spells                   Type           Power      Damage    Failure   Level
 Shatter                  Erth           56%        3d42*     58%         9
 Chain Lightning          Conj/Air       52%        3d69      85%         9
 Fire Storm               Conj/Fire      48%        8d12      97%         9
 Kiss of Death            Conj/Necr      100%       2d13      0%          1
 Necrotise                Necr           100%       1d9       0%          1
 Shock                    Conj/Air       100%       1d9       0%          1
 Sting                    Tmut/Pois      100%       1d8       0%          1
 Sublimation of Blood     Necr           100%       N/A       0%          2
 Foxfire                  Conj/Fire      100%       2x1d9     1%          1
 Summon Small Mammal      Summ           100%       N/A       1%          1
 Lesser Beckoning         Tloc           100%       N/A       1%          2
 Confusing Touch          Hex            88%        N/A       1%          3
 Gell's Gravitas          Tloc           90%        N/A       1%          3
 Hailstorm                Conj/Ice       94%        3d19      1%          3
 Inner Flame              Hex/Fire       91%        N/A       1%          3
 Portal Projectile        Hex/Tloc       100%       N/A       1%          3
 Spider Form              Tmut/Pois      100%       N/A       1%          3
 Swiftness                Air            100%       N/A       1%          3
 Vhi's Electric Charge    Tloc/Air       100%       N/A       1%          3
 Anguish                  Hex/Necr       51%        N/A       1%          4
 Animate Dead             Necr           100%       N/A       1%          4
 Cause Fear               Hex            44%        N/A       1%          4
 Manifold Assault         Tloc           90%        N/A       1%          4
 Passage of Golubria      Tloc           90%        N/A       1%          4
 Petrify                  Tmut/Erth      100%       N/A       1%          4
 Summon Ice Beast         Ice/Summ       78%        N/A       1%          4
 Agony                    Necr           100%       N/A       1%          5
 Arcjolt                  Conj/Air       52%        1d62      1%          5
 Iskenderun's Battlesphe  Conj           97%        2d14      1%          5
 Metabolic Englaciation   Hex/Ice        45%        N/A       1%          5
 Silence                  Hex/Air        49%        N/A       1%          5
 Conjure Ball Lightning   Conj/Air       52%        3x3d18    1%          6
 Plasma Beam              Fire/Air       51%        2x1d72    1%          6
 Starburst                Conj/Fire      48%        6d13      1%          6
 Statue Form              Tmut/Erth      70%        N/A       1%          6
 Summon Mana Viper        Hex/Summ       75%        N/A       3%          5
 Dispersal                Tloc           45%        N/A       5%          6
 Lehudib's Crystal Spear  Conj/Erth      52%        10d12     13%         8
 Enfeeble                 Hex            44%        N/A       32%         7
 Ignition                 Fire           47%        3d13      34%         8
 Disjunction              Tloc           45%        N/A       89%         8
 Summon Hydra             Summ           30%        N/A       91%         7
 Discord                  Hex            44%        N/A       92%         8


Dungeon Overview and Level Annotations

Branches:
Dungeon (14/15)            Temple (0/1) D:6            Lair (5/5) D:11
 Shoals (4/4) Lair:2       Spider (4/4) Lair:3        Slime (0/5) Lair:5
    Orc (2/2) D:10            Elf (0/3) Orc:2        Vaults (2/5) D:13
  Crypt (0/3) Vaults:2     Bailey (visited)

Altars:
Dithmenos
Fedhas
Hepliaklqana
Nemelex Xobeh
Okawaru
Qazlal
Ru
Trog
Uskayaw
Vehumet
Zin
The Shining One
Jiyva

Shops:
D:2 =   D:4 (   D:11 *   Orc:2 **[:   Shoals:2 (   Shoals:3 !   Vaults:1 [

Portals:
Pandemonium: Orc:2


Innate Abilities, Weirdness & Mutations

You have large cloven feet.
You are somewhat resistant to further mutation.


Message History

* * * LOW HITPOINT WARNING * * *
You feel much better. The ice encasing you melts away.
The deep troll bites you but does no damage.
The deep troll claws you.
* * * LOW HITPOINT WARNING * * *
The deep troll claws you!
* * * LOW HITPOINT WARNING * * *
The ironbound frostheart calls freezing cold from the walls.
The frost grips you! You resist.
* * * LOW HITPOINT WARNING * * *
You are encased in ice.
The ironbound preserver casts a spell.
The ironbound preserver begins to accept its allies' injuries.
Casting: Vampiric Draining (safe; 0% risk of failure)
Confirm with . or Enter, or press ? or * to list all spells.
You feel a surge of power!
You ignite the poison in your surroundings!
The deep troll seems to burn from within!!
The deep troll is severely wounded.
The ironbound frostheart seems to burn from within!!!!
You kill the ironbound frostheart!
Vehumet accepts your kill.
You feel your power returning.
The ironbound preserver seems to burn from within!!
The ironbound preserver is heavily wounded.
The ironbound convoker seems to burn from within!!!!
You kill the ironbound convoker!
Vehumet accepts your kill.
You feel your power returning.
The great orb of eyes seems to burn from within!!!!
You kill the great orb of eyes!
Vehumet accepts your kill.
You feel your power returning.
You kill the ironbound preserver!
Vehumet accepts your kill.
You feel your power returning.
The deep troll bites you but does no damage.
The deep troll claws you!
You die...

#...†††#*,....,,,,,,,,
#...)..#*,.....,,,,,,,
#......#*,.#####******
#......#*,,,,,,,,,,,,,
#......#*,,,,,,,,,,,,,
#......#*************,
#....^.#*,,,,,,,,,,,*,
#....[.#*,,,,,,,,,,,*,
*#####@##*,,*******,,*,
*,,,,#T)#*,,*,,,,,*,,*,
*,,,*.).#*,,*,,,,,*,,*,
*,,*....#*,,*,,*,,*,,*,
*,,#....#*,,,,,*,,*,,,,
*,,.#..##*,,,,,*,,*,,,,
*,..#..# **************
*..*...# *,,*,,,*
******


You could see a deep troll (strong).

Vanquished Creatures
  Mara (Spider:4)
  Rupert (Lair:4)
  3 sphinxes (Shoals:4)
  A kraken (Shoals:3)
  Ilsuiw (Shoals:3)
  2 storm dragons (D:14)
  9 emperor scorpions
  4 ghost moths
  3 orc warlords
  3 ironbound thunderhulks
  3 ironbound preservers
  8 very ugly things
  A broodmother (Spider:3)
  A vampire knight (Vaults:2)
  Azrael (Orc:2)
  A dire elephant (Vaults:1)
  A minotaur (Shoals:4)
  2 spark wasps
  3 merfolk javelineers (Shoals:3)
  4 merfolk impalers
  4 fire dragons
  5 entropy weavers
  2 great orbs of eyes
  A yaktaur captain (Vaults:1)
  Harold (D:9)
  9 boulder beetles
  4 vault guards (D:13)
  2 ironbound frosthearts
  A demonspawn (Orc:2)
  4 merfolk aquamancers
  3 radroaches
  3 hydras
  16 satyrs
  8 centaur warriors
  2 catoblepae
  3 jorogumos
  An alligator snapping turtle (Shoals:3)
  4 merfolk avatars
  3 two-headed ogres
  3 orc high priests (Orc:2)
  2 pharaoh ants
  6 skeletal warriors
  A sun moth (Spider:1)
  Lodul (D:11)
  12 sea snakes
  4 skysharks
  10 orb spiders
  A glowing orange brain (Vaults:2)
  Pikel (D:6)
  A swamp dragon (Lair:5)
  2 wizards (Vaults:2)
  10 deep trolls (Vaults:1)
  8 deep elf pyromancers
  3 steelbarb worms
  3 ironbound convokers
  4 lindwurms
  28 harpies
  An oklob plant (Lair:5)
  A deep elf archer (D:14)
  A necromancer (D:14)
  12 ugly things
  11 orc knights
  8 wolf spiders
  18 cyclopes
  9 orc sorcerers (Orc:2)
  9 elephants (Lair:5)
  3 moths of wrath
  Joseph (D:7)
  26 manticores
  24 fauns
  6 merfolk sirens
  2 black mambas
  7 water nymphs
  7 torpor snails
  3 gargoyles
  A smoke demon (Orc:2)
  3 vault sentinels
  3 demonic crawlers
  11 cane toads
  Psyche (D:11)
  3 rime drakes
  An unseen horror (D:13)
  4 kobold demonologists
  6 yaktaurs (Vaults:1)
  16 komodo dragons
  4 tengu conjurers
  An efreet (D:14)
  27 merfolk
  A red devil (Orc:2)
  A meliai (D:14)
  A polar bear (D:11)
  10 trolls
  3 tyrant leeches (Lair:5)
  9 tarantellas
  12 hornets
  3 wind drakes
  5 blink frogs (Lair:1)
  6 slime creatures
  11 jumping spiders
  8 snapping turtles
  12 spriggans (Lair:3)
  4 water elementals
  4 centaur simulacra (D:11)
  2 vampires
  7 culicivoras
  4 wraiths
  33 yaks
  5 basilisks
  2 basilisks (shapeshifter)
  A chaos spawn (Orc:2)
  3 steam dragons
  5 wyverns
  2 vampire mosquitoes
  3 fire elementals (Orc:2)
  29 redbacks
  Menkaure (D:7)
  3 wargs
  3 acid dragons
  6 ice beasts
  14 water moccasins
  4 hell hounds (Orc:2)
  2 swamp drakes (Lair:5)
  A sky beast (D:6)
  A meliai simulacrum (D:14)
  43 orc warriors
  2 black bears
  18 ogres
  8 centaurs
  3 boggarts (Lair:3)
  12 wolves
  A phantom (D:7)
  A lemure (D:6)
  Blork the orc (D:6)
  6 kobold brigands
  4 gnoll sergeants
  An earth elemental (D:11)
  10 bullfrogs
  3 scorpions
  10 wights
  21 killer bees
  2 howler monkeys (D:10)
  An electric eel (D:11)
  A quasit (D:8)
  3 gnoll boudas
  6 hounds
  A jelly (D:6)
  Crazy Yiuf (D:7)
  32 orc priests
  12 hell rats
  A sleepcap (D:5)
  7 iguanas
  14 orc wizards
  34 gnolls
  9 adders
  3 shadow imps
  9 white imps
  3 ufetubi
  A worm (D:4)
  3 dart slugs
  95 orcs
  6 ball pythons
  4 endoplasms
  9 goblins
  7 hobgoblins
  A quokka (D:1)
  3 training dummies (Shoals:2)
  4 bats
  4 frilled lizards
  24 kobolds
  A rat (D:2)
  2 tentacles (Shoals:3)
1127 creatures vanquished.

Vanquished Creatures (collateral kills)
  A hornet (Lair:3)
1 creature vanquished.

Vanquished Creatures (others)
  An ironbound preserver (Vaults:1)
  A hydra (D:14)
  A harpy (Shoals:4)
  A centaur (D:14)
  An ufetubus (D:8)
  2 tentacles (Shoals:3)
7 creatures vanquished.

Grand Total: 1135 creatures vanquished

Notes
Turn   | Place    | Note
-------+----------+-------------------------------------------
     0 | D:1      | Esekla the Deep Elf Necromancer began the quest for the
                  | Orb.
     0 | D:1      | Reached XP level 1. HP: 10/10 MP: 6/6
   114 | D:1      | Reached skill level 5 in Necromancy
   250 | D:4      | Found an iron altar of Okawaru.
   311 | D:4      | Found a glowing silver altar of Zin.
   336 | D:4      | Found a radiant altar of Vehumet.
   340 | D:4      | Became a worshipper of Vehumet
   436 | D:3      | Reached XP level 2. HP: 15/15 MP: 8/8
   500 | D:3      | Identified the +5 rapier of the Hero {heavy, rN+ Dex+3}
   883 | D:3      | Found a stormy altar of Qazlal.
   893 | D:3      | Reached XP level 3. HP: 19/19 MP: 9/9
   897 | D:3      | Learned a level 3 spell: Vampiric Draining
  1067 | D:3      | Found a hazy altar of Hepliaklqana.
  1067 | D:3      | Found a bloodstained altar of Trog.
  1337 | D:2      | Reached * piety under Vehumet
  1337 | D:2      | Offered knowledge of Foxfire by Vehumet.
  1338 | D:2      | Reached XP level 4. HP: 24/24 MP: 11/11
  1408 | D:2      | Found Renulab's Jewellery Shop.
  1444 | D:2      | Reached skill level 1 in Short Blades
  1475 | D:2      | Noticed a black bear
  1485 | D:2      | Killed a black bear
  1486 | D:2      | Reached skill level 4 in Spellcasting
  1486 | D:2      | Reached XP level 5. HP: 11/28 MP: 2/13
  1653 | D:2      | Found a faded altar of an unknown god.
  2097 | D:1      | Learned a level 3 spell: Teleport Other
  2668 | D:3      | Reached XP level 6. HP: 28/32 MP: 8/14
  3170 | D:4      | Offered knowledge of Poisonous Vapours by Vehumet.
  3174 | D:4      | Learned a level 2 spell: Poisonous Vapours
  3309 | D:4      | Found a glowing golden altar of the Shining One.
  3391 | D:4      | Found Ponaysk's Antique Weapon Boutique.
  3558 | D:5      | Entered Level 5 of the Dungeon
  3577 | D:5      | Reached ** piety under Vehumet
  3611 | D:5      | Got the Parchment of the Lumpy Olives
  3635 | D:5      | Reached skill level 5 in Spellcasting
  3719 | D:5      | Reached skill level 1 in Translocations
  3828 | D:5      | Reached XP level 7. HP: 28/36 MP: 13/16
  3957 | D:5      | Found a shadowy altar of Dithmenos.
  4218 | D:5      | Reached skill level 1 in Poison Magic
  4291 | D:5      | Reached skill level 6 in Spellcasting
  4432 | D:5      | Reached skill level 1 in Air Magic
  4495 | D:6      | Noticed Blork the orc
  4618 | D:6      | Found a staircase to the Ecumenical Temple.
  4683 | D:6      | Noticed Pikel
  4736 | D:6      | Killed Pikel
  4737 | D:6      | Reached skill level 5 in Dodging
  4737 | D:6      | Reached skill level 5 in Stealth
  4737 | D:6      | Reached skill level 7 in Spellcasting
  4737 | D:6      | Reached XP level 8. HP: 40/41 MP: 7/21
  5106 | D:6      | Killed Blork the orc
  5107 | D:6      | Reached skill level 8 in Spellcasting
  5228 | D:6      | Found a blossoming altar of Fedhas.
  5260 | D:6      | Offered knowledge of Scorch by Vehumet.
  5265 | D:6      | Learned a level 2 spell: Scorch
  5445 | D:7      | Reached XP level 9. HP: 42/45 MP: 20/23
  5480 | D:7      | Noticed Menkaure
  5659 | D:7      | Noticed Joseph
  5779 | D:7      | Killed Joseph
  5780 | D:7      | Reached skill level 9 in Spellcasting
  5780 | D:7      | Reached skill level 1 in Fire Magic
  5882 | D:7      | Reached *** piety under Vehumet
  6047 | D:7      | Killed Menkaure
  6119 | D:7      | Reached skill level 1 in Shields
  6151 | D:7      | Found a runed translucent door.
  6152 | D:7      | Noticed Crazy Yiuf
  6159 | D:7      | Killed Crazy Yiuf
  6756 | D:7      | Offered knowledge of Stone Arrow by Vehumet.
  6912 | D:8      | Noticed a two-headed ogre
  7161 | D:8      | Found a transporter.
  7163 | D:8      | Found a transporter.
  7164 | D:8      | Found a transporter.
  7194 | D:8      | Found a transporter.
  7316 | D:8      | Reached skill level 10 in Spellcasting
  7346 | D:8      | Found a hide-covered altar of Uskayaw.
  7486 | D:8      | Reached **** piety under Vehumet
  7519 | D:8      | Killed a two-headed ogre
  7520 | D:8      | Reached skill level 5 in Translocations
  7520 | D:8      | Reached XP level 10. HP: 50/50 MP: 26/26
  7987 | D:9      | Found a flagged portal.
  7992 | D:9      | Offered knowledge of Yara's Violent Unravelling by Vehumet.
  8005 | D:9      | Learned a level 5 spell: Yara's Violent Unravelling
  8008 | Bailey   | Entered a bailey
  8200 | Bailey   | Reached skill level 1 in Hexes
  8208 | Bailey   | Identified the +2 bardiche of Puhoisos {heavy, rElec
                  | Stlth+}
  8369 | Bailey   | Noticed an orc knight
  8369 | Bailey   | Noticed an orc knight
  8432 | Bailey   | Killed an orc knight
  8433 | Bailey   | Reached skill level 1 in Long Blades
  8433 | Bailey   | Reached skill level 11 in Spellcasting
  8436 | Bailey   | Reached skill level 1 in Evocations
  8552 | Bailey   | Killed an orc knight
  8553 | Bailey   | Reached skill level 1 in Transmutations
  8659 | D:9      | Noticed a two-headed ogre
  8687 | D:9      | Killed a two-headed ogre
  8688 | D:9      | Reached skill level 1 in Fighting
  8845 | D:9      | Found a sparkling altar of Nemelex Xobeh.
  8900 | D:9      | Noticed an orange demon
  8907 | D:10     | Entered Level 10 of the Dungeon
  8910 | D:10     | Reached skill level 12 in Spellcasting
  9244 | D:9      | Noticed a cyclops
  9324 | D:9      | Noticed Harold
  9334 | D:9      | Killed Harold
  9335 | D:9      | Reached XP level 11. HP: 33/57 MP: 29/29
  9544 | D:9      | Gained mutation: You occasionally lose the ability to read
                  | scrolls when taking damage. [a neqoxec]
  9604 | D:9      | HP: 1/57 [cyclops (23)]
  9845 | D:9      | Lost mutation: You occasionally lose the ability to read
                  | scrolls when taking damage. [potion of mutation]
  9845 | D:9      | Gained mutation: You are frail. (-10% HP) [potion of
                  | mutation]
  9950 | D:9      | Reached ***** piety under Vehumet
 10082 | D:9      | Offered knowledge of Fireball by Vehumet.
 10092 | D:9      | Learned a level 5 spell: Fireball
 10302 | D:10     | Found a staircase to the Orcish Mines.
 10354 | D:10     | Reached skill level 13 in Spellcasting
 10918 | D:10     | Found a sacrificial altar of Ru.
 11058 | Orc:1    | Entered Level 1 of the Orcish Mines
 11062 | Orc:1    | Noticed an orc knight
 11466 | D:2      | Bought the ring of the Mage {Wiz Archmagi} for 714 gold
                  | pieces
 11466 | D:2      | Found the ring of the Mage {Wiz Archmagi}
 11663 | D:10     | Killed an orc knight
 11724 | Orc:1    | Reached skill level 1 in Conjurations
 11898 | D:11     | Lost mutation: You are frail. (-10% HP) [potion of
                  | mutation]
 11898 | D:11     | Gained mutation: You sometimes lose your temper in combat.
                  | [potion of mutation]
 11898 | D:11     | Gained mutation: You are robust. (+10% HP) [potion of
                  | mutation]
 11898 | D:11     | Gained mutation: You are strong-willed. (Will+) [potion of
                  | mutation]
 11898 | D:11     | Gained mutation: You expend magic power (3 MP) to
                  | strengthen your wands. [potion of mutation]
 11988 | D:11     | Reached skill level 14 in Spellcasting
 12036 | D:11     | Reached skill level 10 in Necromancy
 12064 | D:11     | Offered knowledge of Lee's Rapid Deconstruction by Vehumet.
 12077 | D:11     | Learned a level 5 spell: Lee's Rapid Deconstruction
 12131 | D:11     | Reached XP level 12. HP: 70/70 MP: 32/32
 12280 | D:11     | Reached skill level 1 in Earth Magic
 12318 | D:10     | Reached skill level 1 in Armour
 12584 | D:11     | Found Fagafuf's Pet Rocks.
 12670 | D:11     | Noticed Psyche
 12681 | D:11     | Killed Psyche
 12699 | D:11     | Got Simple Magic
 12790 | D:11     | Found a staircase to the Lair.
 12890 | D:11     | Noticed Lodul
 12913 | D:11     | Killed Lodul
 12914 | D:11     | Reached skill level 5 in Poison Magic
 13344 | D:12     | Found a portal to a secret trove of treasure.
 13428 | D:12     | Learned a level 3 spell: Mephitic Cloud
 13434 | D:12     | Learned a level 5 spell: Freezing Cloud
 13546 | D:12     | Learned a level 2 spell: Wereblood
 13669 | D:12     | Reached skill level 15 in Spellcasting
 14088 | Trove    | Entered a treasure trove
 14093 | Trove    | Found the +8 mithril axe "Arga" {speed, Will+}
 14093 | Trove    | Found the +12 pair of quick blades "Gyre" and "Gimble"
                  | {protect}
 14097 | Trove    | Identified the ring of Akemeir {Fire Str+4}
 14100 | Trove    | Identified the ring of Descent {rPois rC+ Int+5 Stlth-}
 14113 | Trove    | Identified the +3 ring mail "Poady" {+Inv rF+ Dex+2 Slay-4}
 14118 | Trove    | Identified the +2 pair of gloves "Seteklek" {rF+ rC+}
 14146 | Trove    | Lost mutation: You are strong-willed. (Will+) [potion of
                  | mutation]
 14146 | Trove    | Lost mutation: You expend magic power (3 MP) to strengthen
                  | your wands. [potion of mutation]
 14146 | Trove    | Gained mutation: You are occasionally teleported next to
                  | monsters. [potion of mutation]
 14146 | Trove    | Gained mutation: Your natural rate of healing is unusually
                  | fast. [potion of mutation]
 14204 | Lair:1   | Entered Level 1 of the Lair of Beasts
 14375 | Lair:1   | Reached skill level 1 in Ice Magic
 15159 | Lair:2   | Reached skill level 5 in Fighting
 15589 | Lair:2   | Found a staircase to the Shoals.
 15644 | Lair:2   | Found a transporter.
 15644 | Lair:2   | Found a transporter.
 15645 | Lair:2   | Noticed a boulder beetle
 15645 | Lair:2   | Noticed a boulder beetle
 15704 | Lair:2   | Reached XP level 13. HP: 78/79 MP: 32/34
 16510 | Lair:3   | Found a hole to the Spider Nest.
 16695 | Lair:3   | Reached skill level 16 in Spellcasting
 16900 | Lair:3   | Reached skill level 5 in Conjurations
 17006 | Lair:3   | Identified the +3 leather armour of Okawaru's Inspiration
                  | {Str+4}
 17370 | Lair:4   | Noticed Rupert
 17533 | Lair:4   | Reached skill level 5 in Air Magic
 17725 | Lair:4   | Learned a level 3 spell: Ignite Poison
 17730 | Lair:4   | Learned a level 4 spell: Sticky Flame
 17833 | Lair:4   | Killed Rupert
 18141 | Lair:5   | Entered Level 5 of the Lair of Beasts
 18277 | Lair:5   | Reached skill level 17 in Spellcasting
 18288 | Lair:5   | Reached skill level 10 in Dodging
 18292 | Lair:5   | Reached XP level 14. HP: 88/88 MP: 26/37
 18523 | Lair:5   | Found a runed translucent door.
 18547 | Lair:5   | Reached skill level 5 in Ice Magic
 18732 | Lair:5   | Found a viscous altar of Jiyva.
 18732 | Lair:5   | Found a staircase to the Slime Pits.
 18883 | Lair:5   | Got Utragud's Papyrus of the Inquisitive Olives
 19530 | Orc:2    | Entered Level 2 of the Orcish Mines
 19679 | Orc:1    | Noticed an orc warlord
 19686 | Orc:2    | Reached skill level 5 in Earth Magic
 19760 | Orc:1    | Killed an orc warlord
 20034 | Orc:2    | Reached skill level 18 in Spellcasting
 20037 | Orc:2    | Found Roezostra's General Store.
 20038 | Orc:2    | Found Bamnuus's General Store.
 20183 | Orc:2    | Noticed an orc warlord
 20185 | Orc:2    | Offered knowledge of Spellforged Servitor by Vehumet.
 20189 | Orc:2    | Reached skill level 5 in Short Blades
 20196 | Orc:2    | Killed an orc warlord
 20202 | Orc:2    | Found a staircase to the Elven Halls.
 20484 | Orc:2    | Reached skill level 5 in Transmutations
 20519 | Orc:2    | Noticed Azrael
 20525 | Orc:2    | Killed Azrael
 20620 | Orc:2    | Found Huzal's Antique Armour Boutique.
 20620 | Orc:2    | Found a one-way gate leading to the halls of Pandemonium.
 20620 | Orc:2    | Found Jyohez's Book Shop.
 20632 | Orc:2    | Reached XP level 15. HP: 96/96 MP: 39/39
 20804 | Orc:2    | Bought a book of Air for 330 gold pieces
 20804 | Orc:2    | Bought a Young Poisoner's Handbook for 300 gold pieces
 20804 | Orc:2    | Bought a book of Cantrips for 180 gold pieces
 20806 | Orc:2    | Learned a level 1 spell: Apportation
 20811 | Orc:2    | Learned a level 4 spell: Olgreb's Toxic Radiance
 21007 | Spider:1 | Entered Level 1 of the Spider Nest
 21017 | Spider:1 | Identified the +1 pair of boots of Piysunuo {Str+3}
 21290 | Orc:2    | Bought a runed helmet for 270 gold pieces
 21842 | Spider:1 | Lost mutation: You are robust. (+10% HP) [potion of
                  | mutation]
 21842 | Spider:1 | Lost mutation: You sometimes lose your temper in combat.
                  | [potion of mutation]
 21842 | Spider:1 | Lost mutation: Your natural rate of healing is unusually
                  | fast. [potion of mutation]
 21842 | Spider:1 | Gained mutation: You are weak. (Str -2) [potion of
                  | mutation]
 21842 | Spider:1 | Gained mutation: You are clumsy. (Dex -2) [potion of
                  | mutation]
 21842 | Spider:1 | Gained mutation: You have sharp toenails. [potion of
                  | mutation]
 21934 | Spider:1 | Acquired 1317 gold pieces
 21936 | Spider:1 | Acquired the +1 ring mail of Hopscotch {rCorr Dex-4 SInv}
 21952 | Spider:1 | Acquired a book of Touch
 22166 | Spider:2 | Reached skill level 19 in Spellcasting
 22303 | Spider:2 | You fall into a shaft and drop 1 floor!
 22386 | Spider:3 | Noticed an emperor scorpion
 22400 | Spider:3 | Killed an emperor scorpion
 22470 | Spider:3 | HP: 1/84 [jorogumo/bolt of negative energy (36)]
 22537 | Spider:2 | Lost mutation: You are weak. (Str -2) [potion of mutation]
 22537 | Spider:2 | Lost mutation: You have sharp toenails. [potion of
                  | mutation]
 22537 | Spider:2 | Gained mutation: You expend magic power (3 MP) to
                  | strengthen your wands. [potion of mutation]
 22537 | Spider:2 | Gained mutation: You are very clumsy. (Dex -4) [potion of
                  | mutation]
 22537 | Spider:2 | Gained mutation: Your spells are a little harder to cast,
                  | but a little more powerful. [potion of mutation]
 23560 | Spider:3 | Noticed an emperor scorpion
 23579 | Spider:3 | Killed an emperor scorpion
 24185 | Spider:4 | Entered Level 4 of the Spider Nest
 24185 | Spider:4 | Noticed Mara
 24207 | Spider:4 | Killed Mara
 24213 | Spider:4 | Lost mutation: You are occasionally teleported next to
                  | monsters. [potion of mutation]
 24213 | Spider:4 | Lost mutation: You are very clumsy. (Dex -4) [potion of
                  | mutation]
 24213 | Spider:4 | Lost mutation: You expend magic power (3 MP) to strengthen
                  | your wands. [potion of mutation]
 24213 | Spider:4 | Gained mutation: You are somewhat resistant to further
                  | mutation. [potion of mutation]
 24213 | Spider:4 | Gained mutation: You occasionally lose the ability to drink
                  | potions when taking damage. [potion of mutation]
 24341 | Spider:4 | Noticed an emperor scorpion
 24346 | Spider:4 | Noticed an emperor scorpion
 24356 | Spider:3 | Killed an emperor scorpion
 24357 | Spider:3 | Reached skill level 20 in Spellcasting
 24613 | Spider:4 | Reached ****** piety under Vehumet
 24615 | Spider:4 | Offered knowledge of Iskenderun's Battlesphere by Vehumet.
 24619 | Spider:4 | Noticed an emperor scorpion
 24628 | Spider:4 | Killed an emperor scorpion
 24629 | Spider:4 | Reached XP level 16. HP: 77/96 MP: 33/42
 25014 | Orc:2    | Bought a potion of curing for 51 gold pieces
 25020 | Orc:2    | Learned a level 5 spell: Iskenderun's Battlesphere
 26236 | Spider:4 | Got a gossamer rune of Zot
 26429 | Shoals:1 | Entered Level 1 of the Shoals
 26442 | Shoals:1 | Reached skill level 5 in Fire Magic
 26471 | Shoals:1 | Reached skill level 10 in Fighting
 26556 | Shoals:1 | Learned a level 4 spell: Airstrike
 26940 | Shoals:1 | Reached skill level 21 in Spellcasting
 27151 | Shoals:2 | Found Biskeott's Firing Range.
 27340 | Shoals:2 | Offered knowledge of Iron Shot by Vehumet.
 27556 | Shoals:2 | Lost mutation: Your spells are a little harder to cast, but
                  | a little more powerful. [potion of mutation]
 27556 | Shoals:2 | Lost mutation: You occasionally lose the ability to drink
                  | potions when taking damage. [potion of mutation]
 27556 | Shoals:2 | Lost mutation: You are clumsy. (Dex -2) [potion of
                  | mutation]
 27556 | Shoals:2 | Gained mutation: You have large cloven feet. [potion of
                  | mutation]
 27729 | Shoals:2 | Identified the +1 animal skin "Kougi" {rPois rF++ MP+9}
 27983 | Orc:2    | Bought a scroll of identify for 34 gold pieces
 28723 | D:13     | Reached XP level 17. HP: 95/104 MP: 40/44
 28832 | D:13     | Found a gate to the Vaults.
 29217 | D:14     | Learned a level 3 spell: Vhi's Electric Charge
 29223 | D:14     | Learned a level 4 spell: Dispel Undead
 29872 | D:14     | Offered knowledge of Conjure Ball Lightning by Vehumet.
 29900 | D:14     | Reached skill level 22 in Spellcasting
 30794 | Shoals:3 | Noticed a kraken
 30884 | Shoals:3 | Killed a kraken
 31093 | Shoals:3 | Noticed Ilsuiw
 31164 | Shoals:3 | Killed Ilsuiw
 31264 | Shoals:3 | Offered knowledge of Ozocubu's Refrigeration by Vehumet.
 31284 | Shoals:3 | Found Zemonaik's Distillery.
 31689 | Shoals:4 | Entered Level 4 of the Shoals
 31793 | Shoals:4 | Reached XP level 18. HP: 65/111 MP: 29/46
 31825 | Shoals:4 | Identified the +1 ring mail "Uronn" {rF+ Regen+ Int+3}
 31913 | Shoals:4 | Reached skill level 23 in Spellcasting
 31932 | Shoals:4 | Got Cuuv Rytt's Atlas of Hot Beguiling
 31934 | Shoals:4 | Paralysed by a sphinx for 4 turns
 31945 | Shoals:4 | Reached skill level 10 in Poison Magic
 31946 | Shoals:4 | Got a barnacled rune of Zot
 31963 | Shoals:4 | Reached skill level 10 in Earth Magic
 31990 | Shoals:4 | Identified the ring "Pileq" {Ice Str+4 Dex+3 Slay+2}
 32020 | Shoals:4 | Offered knowledge of Fire Storm by Vehumet.
 32020 | Shoals:4 | Offered knowledge of Shatter by Vehumet.
 32020 | Shoals:4 | Offered knowledge of Chain Lightning by Vehumet.
 32282 | Shoals:4 | Learned a level 8 spell: Maxwell's Capacitive Coupling
 32509 | Vaults:1 | Entered Level 1 of the Vaults
 32623 | Vaults:1 | Identified the +9 arbalest of Xom's Indignation {penet,
                  | Dex+4 Stlth+}
 32987 | Vaults:1 | Found Emogyl Osee's Armour Boutique.
 33272 | Vaults:1 | Reached skill level 10 in Air Magic
 33707 | Vaults:2 | Reached skill level 24 in Spellcasting
 33812 | Vaults:2 | HP: 5/112 [ironbound preserver/+0 flail (39)]
 33814 | Vaults:2 | Slain by a deep troll

Illustrated notes

Levels and vault maps discovered:
D:1:      sevenhm_arrival_forest_fort_small_3, layout_rooms,
          chequers_serial_rivers_room_b, minmay_misc_feat_five
D:2:      layout_loops_ring, dreamdust_ecumenical_altar_angels_and_demons,
          serial_shops, shop
D:3:      layout_basic, grunt_temple_overflow_open, minmay_misc_feat_iff
D:4:      layout_basic, nicolae_overflow_quartered_altars, serial_shops,
          nicolae_diamond_shop
D:5:      layout_loops_ring, lemuel_doored_altar, minmay_misc_feat_rows,
          dreamdust_wishing_well
D:6:      layout_loops_cross, fedhas_altar_fruit_tree,
          minmay_temple_entry_glass, uniq_pikel, uniq_blork_the_orc
D:7:      layout_basic, uniq_menkaure, uniq_joseph, uniq_crazy_yiuf_cottage
D:8:      layout_basic, nicolae_uskayaw_dance_hall, serial_demonic,
          serial_demonic_d, serial_demonic_a, serial_demonic_c,
          serial_demonic_c, nicolae_diode_quadrants
D:9:      layout_irregular_city, kennysheep_little_box, enter_bailey_4,
          minmay_between, uniq_harold
D:10:     layout_basic, nicolae_ru_awakened_eye
D:11:     layout_rooms, hellmonk_lair_entry_icy, serial_ice, serial_ice_j,
          serial_ice_m, serial_ice_o, serial_ice_c, serial_ice_g, serial_ice_f,
          guppyfry_shop_earth, uniq_psyche, uniq_lodul
D:12:     layout_roguey, nicolae_trove_entry_crossroad
D:13:     layout_loops_ring, lightli_vaults_fourway_checkpoint
D:14:     nzn_winding_woodlands_large [nzn_winding_woodlands_5x5_checkerboard,
          nzn_winding_woodlands_5x15_longhouse,
          nzn_winding_woodlands_5x5_default,
          nzn_winding_woodlands_center_garden,
          nzn_winding_woodlands_15x15_five_gardens,
          nzn_winding_woodlands_center_lodge, nzn_winding_woodlands_5x5_default,
          nzn_winding_woodlands_5x15_crooked, nzn_winding_woodlands_5x5_three],
          layout_loops_corners
Lair:1:   layout_small_grid
Lair:2:   gammafunk_boulding_lane, layout_small_grid, elwin_shoals_entry_rooms
Lair:3:   kb_forest_paths, layout_chaotic_city, spider_nest_entry_rubble
Lair:4:   layout_hall_layers, grunt_megastairs_3, lemuel_fruit_fields,
          uniq_rupert
Lair:5:   guppyfry_lair_end_dragon, layout_misc_corridors, wormcave,
          dpeg_slime_entry_enclosed
Shoals:1: layout_shoals, nicolae_shoals_nautilus_by_nature
Shoals:2: argonaut_golden_fleece, layout_shoals, nicolae_shop_firing_range
Shoals:3: layout_shoals, serial_shops, shop, nicolae_shoals_lost_giant_hut,
          uniq_ilsuiw
Shoals:4: shoals_end_hellmonk_lost_city, serial_shops
Spider:1: layout_spider_delve, nicolae_spider_some_kinda_spiderbox
Spider:2: layout_spider_delve, nicolae_spider_twisty_arc_passages
Spider:3: layout_chambers, nicolae_orb_stairs
Spider:4: grunt_spider_rune_circles, guppyfry_hornet_nest, uniq_mara
Orc:1:    layout_caves
Orc:2:    pf_orc_diabolical, layout_diamond_mine, uniq_azrael
Vaults:1: vaults_dpeg_emergency_exit, nicolae_vaults_ellipses_ellipsis,
          nicolae_vaults_variable_pillar_hall, v_misc_22, v_misc_33,
          nicolae_vaults_closet_pinwheel_3, v_alt_pattern_4, v_alt_pattern_4,
          nicolae_vaults_tetromino_Z_2, nicolae_vaults_taking_the_gang_shopping,
          nicolae_vaults_spaceships, v_misc_33, nicolae_vaults_shelves_hall,
          nicolae_vaults_trapezoid_lopsided_1, nicolae_vaults_little_ls,
          layout_vaults_ring
Vaults:2: ontoclasm_vaults_bender, nicolae_vaults_storage_closets_1, v_misc_9,
          vaults_room_pools, nicolae_vaults_more_shelving_2, v_misc_14,
          vaults_standard_mumra_lines, hangedman_vaults_stream,
          nicolae_vaults_windows_and_doors_thing,
          minmay_crypt_entry_simple_corners, nicolae_vaults_stand_back,
          vaults_dpeg_diagonal, nicolae_vaults_little_squares_5,
          layout_vaults_omnibox, serial_shops, bzr_entry_gold

Skill      XL: |  1  2  3  4  5  6  7  8  9 10 11 12 13 14 15 16 17 18 |
---------------+-------------------------------------------------------+-----
Necromancy     | 5 6 7 8 9 10 11 | 11.3
Stealth        | 3 4 5 6 |  6.1
Short Blades   | 1 2 3 4 5 6 |  6.4
Dodging        | 3 4 5 6 7 8 9 10 11 12 13 14 | 14.8
Spellcasting   | 4 5 7 8 10 12 14 15 17 18 20 21 22 24 | 24.2
Translocations | 1 2 3 5 |  5.2
Poison Magic   | 2 3 4 5 6 7 8 9 10 | 10.4
Air Magic      | 2 3 4 5 6 7 8 9 10 | 10.1
Fire Magic     | 3 4 5 6 |  6.2
Shields        | 1 2 3 |  3.4
Hexes          | 3 4 |  4.7
Long Blades    | 1 2 |  2.6
Evocations     | 1 |  1.5
Transmutations | 2 4 5 6 |  6.8
Fighting       | 2 3 5 6 8 9 10 11 12 | 12.2
Conjurations   | 2 3 6 |  6.9
Earth Magic    | 2 4 5 7 8 9 10 | 10.7
Armour         | 3 4 |  4.0
Ice Magic      | 2 4 5 |  5.5
Throwing       | |  0.5

Action                     |  1- 3 |  4- 6 |  7- 9 | 10-12 | 13-15 | 16-18 || total
---------------------------+-------+-------+-------+-------+-------+-------++-------
  Melee: Short sword       |    11 |       |       |       |       |       ||    11
         Unarmed           |     9 |       |       |       |       |       ||     9
         Punch             |     1 |     1 |       |       |       |       ||     2
         Rapier            |    27 |    59 |    57 |     5 |       |       ||   148
         Scimitar          |       |       |    53 |   137 |       |       ||   190
         Dagger            |       |       |       |     2 |       |       ||     2
         Pair of quick bla |       |       |       |    87 |   344 |   358 ||   789
  Throw: Dart              |       |     3 |     4 |     3 |       |       ||    10
         Boomerang         |       |       |     2 |    12 |     3 |     4 ||    21
   Cast: Vampiric Draining |     1 |    27 |    57 |   139 |    45 |    68 ||   337
         Poisonous Vapours |       |     5 |    68 |   172 |   193 |   187 ||   625
         Teleport Other    |       |       |     4 |       |       |       ||     4
         Scorch            |       |       |    18 |    62 |       |     1 ||    81
         Fireball          |       |       |       |    21 |     3 |    11 ||    35
         Freezing Cloud    |       |       |       |    10 |    59 |    27 ||    96
         Lee's Rapid Decon |       |       |       |     8 |     2 |     2 ||    12
         Wereblood         |       |       |       |     1 |    26 |    32 ||    59
         Mephitic Cloud    |       |       |       |       |    20 |    13 ||    33
         Ignite Poison     |       |       |       |       |    91 |   151 ||   242
         Sticky Flame      |       |       |       |       |    17 |    54 ||    71
         Apportation       |       |       |       |       |    18 |    25 ||    43
         Olgreb's Toxic Ra |       |       |       |       |    16 |    49 ||    65
         Airstrike         |       |       |       |       |       |     1 ||     1
         Dispel Undead     |       |       |       |       |       |    11 ||    11
         Vhi's Electric Ch |       |       |       |       |       |     1 ||     1
  Evoke: Wand              |       |       |     7 |     8 |       |       ||    15
    Use: Potion            |       |       |     2 |    10 |     7 |     5 ||    24
         Scroll            |       |       |       |    18 |     8 |     8 ||    34
   Stab: Sleeping          |     7 |     7 |    12 |     4 |     5 |     6 ||    41
         Confused          |       |       |       |       |     9 |     4 ||    13
 Armour: Robe              |    11 |    15 |    23 |    23 |       |       ||    72
         Steam dragon scal |       |       |       |    45 |       |       ||    45
         Troll leather arm |       |       |       |    25 |   117 |   260 ||   402
         Ring mail         |       |       |       |       |    34 |    69 ||   103
  Dodge: Dodged            |    25 |    61 |   112 |   278 |   217 |   526 ||  1219
         Repelled          |       |       |       |       |       |     4 ||     4
  Block: Buckler           |       |       |    14 |    81 |       |       ||    95
